 Dungeon Crawl Stone Soup version 0.30-a0-989-g0d87f670db (webtiles) character file.

Game seed: 13277972777516201349

87623 112233 the Spry (level 15, -5/73 HPs)
             Began as a Felid Air Elementalist on Apr 2, 2023.
             Was the Champion of Kikubaaqudgha.
             Killed by a resonance strike
             ... invoked by a ragged hierophant
              (16 damage)
             ... in the Desolation of Salt on Apr 3, 2023.
             The game lasted 01:33:05 (37356 turns).

112233 the Spry (Felid Air Elementalist)           Turns: 37356, Time: 01:33:06

Health: -5/73      AC:  5    Str:  4    XL:     15   Next: 44%
Magic:  25/35      EV: 30    Int: 37    God:    Kikubaaqudgha [******]
Gold:   2535       SH:  0    Dex: 18    Spells: 5/44 levels left
                                        Lives:  0   Deaths: 3

rFire   + + .      SeeInvis +      - Unarmed
rCold   + + +      Faith    .    (shield unavailable)
rNeg    . . .      Spirit   .    (body armour unavailable)
rPois   .          Reflect  .    (helmet unavailable)
rElec   .          Rampage  .    (cloak unavailable)
rCorr   .                        (gloves unavailable)
Will    +++..                    (boots unavailable)
Stlth   +                        y - amulet of Vitality {RegenMP++ Regen++}
HPRegen 1.92/turn                D - ring "Quifau" {rC++ Will+ Int+6}
MPRegen 1.04/turn                q - ring "Omifirch" {rF+ Int+8}

@: confused, death channelling, ambrosia-drunk, quick
A: very small, claws 1, fangs 3, see invisible, speed 1, shaggy fur 3, stealthy
paws, no weapons or thrown items, no armour, multi-lived, iridescent scales 1,
fire resistance 1, MP-powered wands
a: Renounce Religion, Unearth Wretches, Torment


You were in the Desolation of Salt.
You worshipped Kikubaaqudgha.
Kikubaaqudgha was exalted by your worship.
You visited 4 branches of the dungeon, and saw 23 of its levels.
You also visited: Gauntlet and Desolation.

You collected 3589 gold pieces.
You spent 1054 gold pieces at shops.

Inventory:

Jewellery
 d - a +4 ring of protection
 q - the ring "Omifirch" (right paw) {rF+ Int+8}
   (You found it in the Desolation of Salt)

   [ring of protection from fire]

   Int:       It affects your intelligence (+8).
   rF:        It protects you from fire.
 y - the amulet of Vitality (around neck) {RegenMP++ Regen++}
   (You found it in a Gauntlet)

   [amulet of magic regeneration]

   It increases your rate of magic regeneration.
   Regen:     It increases your rate of health regeneration.
 D - the ring "Quifau" (left paw) {rC++ Will+ Int+6}
   (You found it in the Desolation of Salt)

   [ring of intelligence]

   Int:       It affects your intelligence (+6).
   rC:        It greatly protects you from cold.
   Will:      It increases your willpower.
 R - a +4 ring of slaying
Wands
 b - a wand of polymorph (6)
 w - a wand of digging (7)
 C - a wand of charming (4)
 I - a wand of flame (12)
 L - a wand of mindburst (7)
 N - a wand of iceblast (5)
 Q - a wand of light (3)
Scrolls
 c - a scroll of brand weapon
 e - 3 scrolls of enchant weapon
 g - 8 scrolls of teleportation
 h - 3 scrolls of torment
 i - 4 scrolls of magic mapping
 k - 3 scrolls of enchant armour
 l - 12 scrolls of identify
 m - 10 scrolls of fog
 n - 5 scrolls of immolation
 o - 4 scrolls of vulnerability
 p - 3 scrolls of silence
 v - a scroll of poison
 H - a scroll of noise
 P - 2 scrolls of amnesia
Potions
 a - 2 potions of mutation
 f - 4 potions of haste
 r - 3 potions of flight
 t - 3 potions of attraction
 u - a potion of might
 x - 3 potions of magic
 z - 4 potions of brilliance
 A - a potion of resistance
 E - a potion of ambrosia
 G - a potion of curing
 M - 2 potions of berserk rage
Miscellaneous
 j - a tin of tremorstones (2/2)
 s - a lightning rod (4/4)
 B - a phial of floods (inert)
 F - a piece from Xom's chessboard (15/15)
 O - a phantom mirror


   Skills:
 + Level 12.9 Fighting
 + Level 16.7 Dodging
 - Level 2.8 Stealth
 + Level 9.8 Unarmed Combat
 * Level 15.3 Spellcasting
 - Level 1.0 Conjurations
 + Level 3.6 Summonings
 + Level 16.0 Necromancy
 + Level 2.4 Transmutations
 - Level 2.7 Air Magic
 + Level 5.6 Earth Magic


You had 5 spell levels left.
You knew the following spells:

 Your Spells              Type           Power      Damage    Failure   Level
a - Borgnjor's Vile Clut  Necr/Erth      41%        N/A       1%          5
b - Vampiric Draining     Necr           98%        2d13      0%          3
c - Dispel Undead         Necr           98%        3d31      1%          4
d - Death Channel         Necr           49%        N/A       1%          6
e - Shock                 Conj/Air       100%       1d9       1%          1
f - Static Discharge      Conj/Air       84%        2-6/arc   1%          2
g - Lee's Rapid Deconstr  Erth           31%        3d16*     3%          5
h - Haunt                 Necr/Summ      39%        N/A       19%         7
i - Statue Form           Tmut/Erth      36%        N/A       34%         6

Your spell library contained the following spells:

 Spells                   Type           Power      Damage    Failure   Level
 Necrotise                Necr           100%       1d9       0%          1
 Sublimation of Blood     Necr           98%        N/A       0%          2
 Kiss of Death            Conj/Necr      100%       2d13      1%          1
 Slow                     Hex            100%       N/A       1%          1
 Sting                    Tmut/Pois      100%       1d8       1%          1
 Cigotuvi's Dreadful Rot  Necr/Pois/Air  100%       N/A       1%          2
 Ensorcelled Hibernation  Hex/Ice        56%        N/A       1%          2
 Passwall                 Tmut/Erth      45%        N/A       1%          2
 Wereblood                Tmut           46%        N/A       1%          2
 Call Canine Familiar     Summ           53%        N/A       1%          3
 Swiftness                Air            48%        N/A       1%          3
 Anguish                  Hex/Necr       36%        N/A       1%          4
 Animate Dead             Necr           98%        N/A       1%          4
 Agony                    Necr           98%        N/A       1%          5
 Ignite Poison            Fire/Tmut/Pois 34%        N/A       2%          3
 Kindle Blastsparks       Fire/Tloc/Air  70%        2d15      2%          3
 Spider Form              Tmut/Pois      37%        N/A       2%          3
 Petrify                  Tmut/Erth      55%        N/A       2%          4
 Confusing Touch          Hex            28%        N/A       3%          3
 Dazzling Flash           Conj/Hex       64%        N/A       3%          3
 Ozocubu's Armour         Ice            28%        N/A       3%          3
 Tukima's Dance           Hex            28%        N/A       3%          3
 Leda's Liquefaction      Hex/Erth       24%        N/A       3%          4
 Summon Lightning Spire   Summ/Air       51%        N/A       3%          4
 Airstrike                Air            24%        2d(4-20)  4%          4
 Summon Ice Beast         Ice/Summ       41%        N/A       6%          4
 Fulminant Prism          Conj/Hex       16%        3d10      10%         4
 Iskenderun's Mystic Bla  Conj/Tloc      32%        2d8       10%         4
 Passage of Golubria      Tloc           28%        N/A       13%         4
 Blade Hands              Tmut           23%        N/A       13%         5
 Summon Mana Viper        Hex/Summ       41%        N/A       16%         5
 Irradiate                Conj/Tmut      20%        3d18      17%         5
 Plasma Beam              Fire/Air       19%        2x1d22    21%         5
 Freezing Cloud           Conj/Ice/Air   18%        6-21      22%         5
 Yara's Violent Unravell  Hex/Tmut       18%        3d9       22%         5
 Simulacrum               Ice/Necr       36%        N/A       7%          6
 Borgnjor's Revivificati  Necr           49%        N/A       12%         8
 Infestation              Necr           49%        N/A       12%         8
 Starburst                Conj/Fire      16%        6d6       83%         6
 Death's Door             Necr           49%        N/A       87%         9
 Necromutation            Tmut/Necr      38%        N/A       88%         8
 Monstrous Menagerie      Summ           26%        N/A       93%         7
 Summon Hydra             Summ           26%        N/A       93%         7
 Storm Form               Tmut/Air       23%        N/A       98%         7
 Ozocubu's Refrigeration  Ice            14%        4d10      100%        7
 Animate Armour           Summ/Erth      Unusable   N/A       N/A         4
 Portal Projectile        Hex/Tloc       Unusable   N/A       N/A         3

Dungeon Overview and Level Annotations

Branches:
Dungeon (15/15)            Temple (0/1) D:6            Lair (5/5) D:10
 Shoals (0/4) Lair:3        Snake (0/4) Lair:2        Slime (0/5) Lair:5
    Orc (2/2) D:10            Elf (1/3) Orc:2        Vaults (0/5) D:13
 Depths (0/4) D:15        Desolation (1/1)          Gauntlet (visited)

Altars:
Cheibriados
Fedhas
Kikubaaqudgha
Nemelex Xobeh
Uskayaw
The Shining One
Jiyva

Shops:
D:14 *:[(   Orc:1 ?   Orc:2 ((=!?

Portals:
Pandemonium: Orc:2

Annotations:
D:2 exclusion: downstairs
D:4 exclusion: downstairs
D:5 exclusion: downstairs
D:7 exclusion: downstairs
D:13 1 runed translucent door
D:14 2 runed translucent doors
Lair:3 3 runed translucent doors, Madmarshman's ghost, journeyman MiBe


Innate Abilities, Weirdness & Mutations

You have sharp claws.
You have razor-sharp teeth.
You have supernaturally acute eyesight. (SInv)
You cover ground quickly. (Speed+)
Your thick and shaggy fur keeps you warm. (AC +3, rC+)
Your paws help you pounce on unaware monsters.
You are incapable of wielding weapons or throwing items.
You cannot wear armour.
You gain extra lives every three experience levels.
You are partially covered in iridescent scales. (AC +2)
Your flesh is heat resistant. (rF+)
You expend magic power (3 MP) to strengthen your wands.


Message History

Confirm with . or Enter, or press ? or * to list all spells.
Aiming: Borgnjor's Vile Clutch (dangerous; 1% risk of failure)
Press: ? - help, Shift-Dir - straight line, f - servant of whispers
Aim: a servant of whispers, wielding a +2 antimagic quarterstaff and wearing a +0 robe (100% to hit)
The peacekeeper is unaffected.
Zombie hands grab the servant of whispers.
The zombie hands constrict the peacekeeper, but do no damage.
The zombie hands constrict the ragged hierophant!
The zombie hands constrict the servant of whispers!
The peacekeeper misses you. The peacekeeper completely misses you.
The servant of whispers struggles to escape constriction.
The ragged hierophant struggles to escape constriction.
Unknown command.
Unknown command.
Unknown command.
You are confused.
You feel invigorated.
The zombie hands constrict the peacekeeper!
The zombie hands constrict the ragged hierophant!
The zombie hands constrict the servant of whispers!
The peacekeeper barely misses you. The peacekeeper completely misses you.
The peacekeeper bites you but does no damage.
The peacekeeper barely misses you.
The servant of whispers struggles to escape constriction.
The ragged hierophant casts a spell at you.
A blast of power from the earth and the peacekeeper strikes you!
* * * LOW HITPOINT WARNING * * *
Unknown command.
You scratch the peacekeeper but do no damage.
The peacekeeper is severely damaged.
The zombie hands constrict the peacekeeper!
You destroy the peacekeeper!
Kikubaaqudgha accepts your kill.
The zombie hands constrict the ragged hierophant!
The zombie hands constrict the servant of whispers!
The servant of whispers struggles to escape constriction.
The ragged hierophant points at you and mumbles some strange words.
A blast of power from the earth strikes you!
You die...
Kikubaaqudgha rasps: "You have failed me!
Welcome... death!"

...... .........†.)... ......
........).....§ ..9..8
#............§§ ...... §.
##........)..§§ Z..... §§§..
######.....§§...§§ .Z.9..
§§§.. #....##....§§#..§§
...... §§§..
#.[=.###...§§§..§. ##....
.§...###..))###...§§.§.§§ ...
.§§§...##@.=}##....§§§§..§
....§§§.)..##..##......§§....
. #§§.....#a.#......§§.#)..
....§§§......a.............
....§§§...8..8....a........
....§.§..................).
...§§.....9................
....a......................
...........................


You could see a ragged hierophant (clutched) and a servant of whispers
(clutched).

Vanquished Creatures
  Jorgrun (D:12)
  Kirke (Lair:5)
  Frances (D:13)
  3 imperial myrmidons (Desolation)
  An orc warlord (Orc:1)
  A halazid warlock (Desolation)
  A minotaur (Gauntlet)
  Snorg (Lair:3)
  An ettin (D:15)
  A crystal guardian (Desolation)
  3 ragged hierophants (Desolation)
  2 rakshasas
  5 peacekeepers (Desolation)
  5 servants of whispers (Desolation)
  3 hydras
  7 centaur warriors
  2 catoblepae
  An ogre mage (D:15)
  3 demonspawn (Orc:2)
  An alligator (Lair:5)
  7 two-headed ogres
  2 boulder beetles (D:13)
  A tengu warrior (D:14)
  A death knight (D:14)
  A thrashing horror (Gauntlet)
  9 orc high priests
  Urug (D:10)
  2 death yaks (Lair:5)
  A soul eater (D:12)
  A sixfirhy (Orc:2)
  3 skysharks
  2 sun demons
  Nergalle (Lair:3)
  A skeletal warrior (D:14)
  Lodul (D:14)
  A deep troll (D:15)
  Amaemon (Lair:1)
  Pikel (D:4)
  A wizard (D:14)
  A necromancer (D:15)
  4 lindwurms (Lair:4)
  6 orc knights
  9 orc sorcerers
  2 phantasmal warriors (D:14)
  8 deep elf pyromancers
  2 deep elf zephyrmancers (Elf:1)
  4 manticores
  11 ugly things
  8 elephants
  4 cyclopes
  A manticore (shapeshifter) (D:14)
  A worldbinder (Gauntlet)
  3 merfolk sirens (Lair:3)
  A black mamba (Lair:5)
  A rust devil (Gauntlet)
  Joseph (D:8)
  Maurice (Orc:2)
  9 cane toads
  A smoke demon (Orc:2)
  A torpor snail (Lair:5)
  Maggie (D:8)
  5 gargoyles
  3 komodo dragons
  2 orange demons
  6 rime drakes
  3 efreet (D:14)
  An ice devil (Orc:2)
  2 merfolk
  11 polar bears
  11 trolls
  A meliai (shapeshifter) (D:13)
  A hellwing (Orc:2)
  2 hornets (D:8)
  14 blink frogs
  A raiju (Lair:5)
  35 saltlings (Desolation)
  9 dream sheep
  Sigmund (D:3)
  2 centaur simulacra
  3 slime creatures (D:14)
  2 shadows
  3 ynoxinuls
  A wraith (D:11)
  48 yaks
  6 wyverns
  2 vampires
  A hog (Lair:5)
  6 basilisks
  Grum (D:7)
  A steam dragon (D:6)
  15 vampire mosquitoes
  A naga (Lair:2)
  A swamp worm (shapeshifter) (D:12)
  7 wargs
  4 acid dragons
  9 water moccasins
  11 hell hounds (Lair:5)
  An ice beast (D:7)
  46 orc warriors
  8 black bears
  2 sky beasts
  11 ogres
  2 small abominations (Gauntlet)
  A boggart (Gauntlet)
  20 wolves
  14 centaurs
  3 lemures (D:5)
  A phantom (D:7)
  3 kobold brigands
  12 bullfrogs
  2 gnoll sergeants
  2 scorpions
  8 wights
  2 howler monkeys
  A crimson imp (D:14)
  3 hounds
  30 orc priests
  3 gnoll boudas
  Crazy Yiuf (D:5)
  2 iguanas
  3 iron imps (Gauntlet)
  Ijyb (D:4)
  23 orc wizards
  21 gnolls
  6 adders
  A white imp (D:8)
  3 ufetubi
  4 worms
  3 dart slugs
  70 orcs
  6 endoplasms
  5 giant cockroaches
  11 goblins
  3 hobgoblins
  10 jackals
  4 quokkas
  4 ball pythons
  4 bats
  3 frilled lizards
  19 kobolds
  7 rats
783 creatures vanquished.

Vanquished Creatures (collateral kills)
  An orc warlord (Orc:1)
  An ironbound preserver (D:13)
  A halazid warlock (Desolation)
  2 peacekeepers (Desolation)
  A hydra (Lair:5)
  A two-headed ogre (D:15)
  2 centaur warriors
  A death yak (Lair:5)
  An orc high priest (Orc:2)
  A tengu warrior (D:13)
  A skyshark (Lair:5)
  A skeletal warrior (D:14)
  A deep elf pyromancer (D:15)
  2 orc knights (Orc:2)
  2 lindwurms (Lair:5)
  A wolf spider (Lair:5)
  An orc sorcerer (Orc:1)
  6 ugly things
  2 cyclopes (D:13)
  4 elephants (Lair:5)
  A manticore (D:12)
  A nameless horror (Desolation)
  2 slime creatures
  A guardian serpent (Desolation)
  A torpor snail (Lair:5)
  A molten gargoyle (Desolation)
  A cane toad (Lair:5)
  A tengu conjurer (D:15)
  2 polar bears (Lair:5)
  2 saltlings (Desolation)
  A blink frog (Lair:5)
  2 raiju (Lair:5)
  A dream sheep (Lair:5)
  A wyvern (Lair:5)
  2 hogs (Lair:5)
  A yak (Lair:4)
  A basilisk (D:12)
  A human (D:14)
  3 vampire mosquitoes
  4 wargs
  A water moccasin (Lair:5)
  3 hell hounds (Lair:5)
  6 orc warriors
  5 black bears (Lair:5)
  4 ogres
  A centaur (D:15)
  4 wolves (Lair:5)
  3 orc priests (Orc:2)
  An orc wizard (Orc:1)
  9 orcs
  3 bushes (D:14)
103 creatures vanquished.

Vanquished Creatures (others)
  4 imperial myrmidons (Desolation)
  An alligator (Gauntlet)
  An orc sorcerer (Orc:1)
  An ogre (Orc:1)
  A gnoll (D:5)
  An orc (Orc:1)
  11 bushes (D:14)
  30 fungi
  59 plants
109 creatures vanquished.

Grand Total: 995 creatures vanquished

Notes
Turn   | Place    | Note
-------+----------+-------------------------------------------
     0 | D:1      | 112233 the Felid Air Elementalist began the quest for the
                  | Orb.
     0 | D:1      | Reached XP level 1. HP: 7/7 MP: 4/4
    33 | D:1      | Reached skill level 1 in Conjurations
   259 | D:1      | Reached XP level 2. HP: 11/11 MP: 3/6
   798 | D:1      | Reached XP level 3. HP: 14/14 MP: 5/8
   858 | D:1      | Found a faded altar of an unknown god.
  1003 | D:1      | Prayed at the altar of an unknown god.
  1003 | D:1      | Became a worshipper of Kikubaaqudgha
  1003 | D:1      | Reached * piety under Kikubaaqudgha
  1003 | D:1      | Received a gift from Kikubaaqudgha
  1071 | D:2      | Found a hide-covered altar of Uskayaw.
  1325 | D:2      | Identified the +0 ring mail of Ornamental Beauty {Will+
                  | Str+2 Int+4}
  1348 | D:3      | Noticed Sigmund
  1397 | D:2      | Learned a level 2 spell: Static Discharge
  1747 | D:2      | Reached XP level 4. HP: 18/18 MP: 10/10
  2025 | D:3      | Reached skill level 1 in Fighting
  2025 | D:3      | Reached skill level 1 in Necromancy
  2347 | D:4      | Noticed a black bear
  2352 | D:4      | Gained mutation: You are partially covered in iridescent
                  | scales. (AC +2) [potion of mutation]
  2352 | D:4      | Gained mutation: Your flesh is heat resistant. (rF+)
                  | [potion of mutation]
  2352 | D:4      | Gained mutation: You expend magic power (3 MP) to
                  | strengthen your wands. [potion of mutation]
  2360 | D:4      | Killed a black bear
  2361 | D:4      | Reached XP level 5. HP: 20/22 MP: 4/12
  2466 | D:4      | Reached ** piety under Kikubaaqudgha
  2473 | D:4      | Upgraded the game from 0.30-a0-986-g7f2e898f52 to
                  | 0.30-a0-989-g0d87f670db
  2673 | D:4      | Learned a level 2 spell: Cigotuvi's Dreadful Rot
  3003 | D:4      | Noticed Ijyb
  3015 | D:4      | Killed Ijyb
  3016 | D:4      | Gained mutation: You are covered in thick fur. (AC +2)
                  | [Felid growth]
  3016 | D:4      | Reached XP level 6. HP: 19/26 MP: 1/13
  3286 | D:5      | Entered Level 5 of the Dungeon
  4694 | D:5      | Found a runed translucent door.
  4695 | D:5      | Noticed Crazy Yiuf
  4703 | D:5      | Killed Crazy Yiuf
  4704 | D:5      | Reached skill level 5 in Dodging
  4802 | D:5      | Reached XP level 7. HP: 23/30 MP: 4/14
  5018 | D:5      | Learned a level 3 spell: Vampiric Draining
  6149 | D:6      | Noticed Pikel
  7119 | D:4      | Killed Pikel
  7120 | D:4      | Reached skill level 5 in Spellcasting
  7120 | D:4      | Reached XP level 8. HP: 24/36 MP: 4/17
  7207 | D:4      | Learned a level 4 spell: Dispel Undead
  7684 | D:6      | Reached *** piety under Kikubaaqudgha
  7684 | D:6      | Received a gift from Kikubaaqudgha
  8067 | D:7      | Reached skill level 5 in Fighting
  8067 | D:7      | Reached skill level 5 in Necromancy
  8344 | D:7      | Reached XP level 9. HP: 40/40 MP: 14/19
  8885 | D:8      | Paralysed by a hornet for 3 turns
  8888 | D:8      | Slain by a hornet
  8889 | D:8      | Reached XP level 8. HP: -3/37 MP: 7/18
  9215 | D:3      | Killed Sigmund
  9406 | D:3      | Found a blossoming altar of Fedhas.
  9978 | D:6      | Found a glowing golden altar of the Shining One.
  9978 | D:6      | Found a snail-covered altar of Cheibriados.
 10056 | D:6      | Found a staircase to the Ecumenical Temple.
 10627 | D:6      | Reached XP level 9. HP: 34/41 MP: 9/20
 10761 | D:8      | Noticed Grum
 10835 | D:7      | Killed Grum
 11246 | D:8      | Noticed Maggie
 11612 | D:9      | Noticed a troll
 11617 | D:9      | Killed a troll
 11874 | D:9      | Identified a scroll of acquirement
 11879 | D:9      | Acquired the Elucidation of the Cuttlefish
 12409 | D:9      | Reached skill level 10 in Dodging
 12545 | D:9      | Noticed a troll
 12906 | D:9      | Killed a troll
 12907 | D:9      | Reached XP level 10. HP: 35/47 MP: 6/22
 13208 | D:9      | Reached **** piety under Kikubaaqudgha
 13510 | D:8      | Noticed Joseph
 13528 | D:8      | Killed Joseph
 14434 | D:8      | Noticed a cyclops
 14447 | D:8      | Killed a cyclops
 14884 | D:8      | Killed Maggie
 15102 | D:8      | Learned a level 5 spell: Borgnjor's Vile Clutch
 15156 | D:10     | Entered Level 10 of the Dungeon
 15359 | D:10     | Noticed Urug
 15453 | D:10     | Found a staircase to the Orcish Mines.
 15457 | D:10     | Noticed a gargoyle
 15484 | Orc:1    | Entered Level 1 of the Orcish Mines
 15500 | Orc:1    | Noticed an orc sorcerer
 15513 | Orc:2    | Entered Level 2 of the Orcish Mines
 15658 | D:11     | Noticed a manticore
 15669 | D:11     | Killed a manticore
 16109 | D:12     | Noticed a soul eater
 16552 | D:12     | Noticed a sun demon
 16715 | D:12     | Noticed a gargoyle
 16743 | D:12     | Killed a gargoyle
 16744 | D:12     | Reached XP level 11. HP: 29/52 MP: 18/24
 17639 | D:11     | Learned a level 5 spell: Lee's Rapid Deconstruction
 18110 | D:10     | Reached skill level 1 in Unarmed Combat
 18315 | D:10     | Reached skill level 1 in Earth Magic
 18693 | D:10     | Killed Urug
 18853 | D:10     | Found a staircase to the Lair.
 18920 | Lair:1   | Entered Level 1 of the Lair of Beasts
 20133 | Lair:1   | Found a sparkling altar of Nemelex Xobeh.
 20242 | Lair:1   | Noticed Amaemon
 20253 | Lair:1   | Killed Amaemon
 21645 | Lair:2   | Noticed a four-headed hydra
 21654 | Lair:3   | Noticed Snorg
 21725 | Lair:2   | Killed a four-headed hydra
 21726 | Lair:2   | Reached skill level 10 in Spellcasting
 21726 | Lair:2   | Reached skill level 10 in Necromancy
 21726 | Lair:2   | Gained mutation: Your thick and shaggy fur keeps you warm.
                  | (AC +3, rC+) [Felid growth]
 21726 | Lair:2   | Reached XP level 12. HP: 32/57 MP: 4/27
 22334 | Lair:2   | Found a staircase to the Snake Pit.
 22955 | Lair:3   | Killed Snorg
 25049 | Lair:3   | Found a staircase to the Shoals.
 25102 | Lair:3   | Noticed Nergalle
 25112 | Lair:3   | Killed Nergalle
 25264 | Lair:3   | Noticed Madmarshman's ghost (journeyman MiBe)
 25273 | Lair:3   | Found a runed translucent gate.
 25273 | Lair:3   | Found a runed translucent gate.
 25273 | Lair:3   | Found a runed translucent gate.
 25590 | Lair:4   | Found a gate leading to a gauntlet.
 25597 | Gauntlet | Entered a Gauntlet
 25597 | Gauntlet | Found a transporter.
 25597 | Gauntlet | Found a large runed translucent door.
 25597 | Gauntlet | Found a large runed translucent door.
 25597 | Gauntlet | Found a large runed translucent door.
 25597 | Gauntlet | Found a large runed translucent door.
 25597 | Gauntlet | Found a runed translucent door.
 25597 | Gauntlet | Found a runed translucent door.
 25597 | Gauntlet | Found a large runed translucent door.
 25597 | Gauntlet | Found a large runed translucent door.
 25597 | Gauntlet | Found a large runed translucent door.
 25597 | Gauntlet | Found a large runed translucent door.
 25597 | Gauntlet | Found a large runed translucent door.
 25597 | Gauntlet | Found a large runed translucent door.
 25724 | Gauntlet | Found a large runed translucent door.
 25724 | Gauntlet | Found a large runed translucent door.
 25733 | Gauntlet | Found a transporter.
 25748 | Gauntlet | Found a transporter.
 25753 | Gauntlet | Found a transporter.
 25762 | Gauntlet | Noticed a hell beast
 25768 | Gauntlet | Found a transporter.
 25787 | Gauntlet | Found a transporter.
 25799 | Gauntlet | Found a transporter.
 25805 | Gauntlet | Found a transporter.
 25820 | Gauntlet | Found a transporter.
 25831 | Gauntlet | Noticed a quicksilver ooze
 25835 | Gauntlet | Found a transporter.
 25844 | Gauntlet | Found a transporter.
 25850 | Gauntlet | Found a transporter.
 25850 | Gauntlet | Found a transporter.
 25855 | Gauntlet | Found the amulet of Vitality {RegenMP++ Regen++}
 25889 | Gauntlet | Found a transporter.
 25907 | Gauntlet | Found a large runed translucent door.
 25908 | Gauntlet | Found a large runed translucent door.
 25912 | Gauntlet | Found a runed translucent gate.
 25912 | Gauntlet | Found a runed translucent gate.
 25912 | Gauntlet | Found a runed translucent gate.
 25914 | Gauntlet | Found a transporter.
 25916 | Gauntlet | Found a transporter.
 25922 | Gauntlet | Found a large runed translucent door.
 25923 | Gauntlet | Found a large runed translucent door.
 25937 | Gauntlet | Found a transporter.
 26069 | Gauntlet | Found a transporter.
 26319 | Gauntlet | Reached XP level 13. HP: 32/61 MP: 4/29
 26464 | Gauntlet | Noticed a minotaur
 26499 | Gauntlet | Killed a minotaur
 26500 | Gauntlet | Reached skill level 10 in Fighting
 26521 | Gauntlet | Identified the staff of conjuration "Etziam" {rPois rN+
                  | Will++ Str-3}
 27127 | Lair:4   | Reached skill level 5 in Unarmed Combat
 27599 | Lair:5   | Entered Level 5 of the Lair of Beasts
 27793 | Lair:5   | Found a viscous altar of Jiyva.
 27793 | Lair:5   | Found a staircase to the Slime Pits.
 27894 | Lair:5   | Reached ***** piety under Kikubaaqudgha
 28328 | D:10     | Reached skill level 5 in Earth Magic
 28369 | Orc:1    | Found Kesot's Magic Scroll Shop.
 28378 | Orc:1    | Bought a scroll of noise for 14 gold pieces
 28553 | Orc:1    | Noticed an orc warlord
 28570 | Orc:1    | Killed an orc warlord
 28718 | D:10     | Learned a level 6 spell: Death Channel
 28787 | Orc:1    | Noticed an orc warlord
 28807 | Orc:1    | Killed an orc warlord
 28809 | Orc:1    | Identified the staff of poison "Quosset" {rPois Str+5 Int+5
                  | Dex-2}
 29091 | Orc:1    | Identified the staff of poison "Tyufin" {rElec rPois rC-
                  | Dex+2}
 29233 | Orc:2    | Noticed Maurice
 29583 | Orc:2    | Killed Maurice
 29683 | Orc:2    | Reached XP level 14. HP: 48/66 MP: 1/31
 29756 | Orc:2    | Found Telliy's Weapon Boutique.
 29877 | Orc:2    | Reached ****** piety under Kikubaaqudgha
 29880 | Orc:2    | Received a gift from Kikubaaqudgha
 30162 | Orc:2    | Found a staircase to the Elven Halls.
 30206 | Orc:2    | Found Jaanosux's Distillery.
 30217 | Orc:2    | Found Pyorghaost's Magic Scroll Boutique.
 30301 | Orc:2    | Bought a potion of heal wounds for 65 gold pieces
 30301 | Orc:2    | Bought a potion of magic for 104 gold pieces
 30301 | Orc:2    | Bought 2 potions of curing for 78 gold pieces
 30301 | Orc:2    | Bought a potion of curing for 39 gold pieces
 30303 | Orc:2    | Bought a scroll of teleportation for 42 gold pieces
 30303 | Orc:2    | Bought a scroll of magic mapping for 105 gold pieces
 30803 | Orc:2    | Found Zeogh's Jewellery Shoppe.
 30803 | Orc:2    | Found Hoacs's Antique Weapon Emporium.
 30804 | Orc:2    | Found a one-way gate leading to the halls of Pandemonium.
 30812 | Orc:2    | Bought a +6 ring of intelligence for 360 gold pieces
 31264 | Lair:5   | Noticed Kirke
 32004 | Lair:5   | Reached skill level 15 in Dodging
 32004 | Lair:5   | Reached XP level 15. HP: 71/71 MP: 17/33
 32181 | Lair:5   | Killed Kirke
 32518 | Lair:5   | Identified the +4 scale mail "Hero's Friend" {Rampage rF-
                  | rCorr Int-4}
 33318 | D:12     | Identified the +8 dire flail "Quucro" {drain, rCorr Str+3}
 33445 | D:12     | Noticed Jorgrun
 33454 | D:12     | Constricted to death by Jorgrun
 33455 | D:12     | Reached XP level 14. HP: 0/68 MP: 18/32
 33496 | D:12     | Identified the +6 whip of the Grave {freeze, rF+++ rN+
                  | Int-2 Dex+2}
 33496 | D:12     | HP: 1/68 [deep elf pyromancer/the +8 demon trident "Rift"
                  | {distort, reach+} (21)]
 33651 | D:12     | Killed Jorgrun
 33737 | D:13     | Noticed Frances
 33750 | D:13     | Killed Frances
 33857 | D:13     | Noticed an ironbound preserver
 33861 | D:13     | Killed an ironbound preserver
 33869 | D:13     | Found a gate to the Vaults.
 34497 | D:13     | Found a runed translucent door.
 34523 | D:14     | Found Kapt's Armour Boutique.
 34528 | D:14     | Reached XP level 15. HP: 43/72 MP: 19/34
 34597 | D:14     | Found a large runed translucent door.
 34597 | D:14     | Found a large runed translucent door.
 34609 | D:14     | Noticed Lodul
 34627 | D:14     | Killed Lodul
 34667 | D:14     | Reached skill level 15 in Necromancy
 34946 | D:14     | Found Padwan's Weapon Boutique.
 34985 | D:14     | Found Hylinuc's General Store.
 35016 | D:14     | Bought 2 scrolls of fog for 80 gold pieces
 35016 | D:14     | Bought a wand of iceblast (3) for 72 gold pieces
 35016 | D:14     | Bought a scroll of torment for 95 gold pieces
 35096 | D:14     | Found Reutisogur's Book Shoppe.
 35107 | D:14     | Learned a level 7 spell: Haunt
 35513 | D:15     | Entered Level 15 of the Dungeon
 35632 | D:15     | Reached skill level 1 in Summonings
 35707 | D:15     | Found a staircase to the Depths.
 36356 | Elf:1    | Entered Level 1 of the Elven Halls
 36376 | Elf:1    | Paralysed by an orc sorcerer for 4 turns
 36456 | Elf:1    | Found a crumbling gateway.
 36465 | Desolati | Entered the Desolation of Salt
 36552 | Desolati | Learned a level 6 spell: Statue Form
 36580 | Desolati | Reached skill level 15 in Spellcasting
 36671 | Desolati | HP: 3/73 [ragged hierophant/a resonance strike (17)]
 36674 | Desolati | Killed from afar by a ragged hierophant
 36675 | Desolati | Reached XP level 14. HP: -3/69 MP: 18/34
 36709 | Desolati | Reached XP level 15. HP: 63/73 MP: 20/35
 36712 | Desolati | Noticed an imperial myrmidon
 36738 | Desolati | Reached skill level 1 in Transmutations
 36756 | Desolati | Killed an imperial myrmidon
 36774 | Desolati | Noticed an imperial myrmidon
 36815 | Desolati | Identified the ring "Omifirch" {rF+ Int+8}
 36818 | Desolati | Identified the ring "Quifau" {rC++ Will+ Int+6}
 36837 | Desolati | Killed an imperial myrmidon
 36976 | Desolati | Identified the +4 pair of boots of Mirth {rElec}
 37315 | Desolati | Got the Meditations on the Familiar and Unholy Rites
 37326 | Desolati | Identified the +10 war axe "Byrghoko" {drain, rN+ Will+
                  | Dex+4}
 37326 | Desolati | Identified the +3 chain mail of the Three of Wands {Str+2
                  | Int+5 Dex+4 Slay-2}
 37356 | Desolati | Killed from afar by a ragged hierophant

Illustrated notes

Levels and vault maps discovered:
D:1:      eino_arrival_tree_alley, layout_basic, ebering_ecumenical_altar_box,
          kennysheep_nondescript
D:2:      layout_rooms, basic_altar
D:3:      layout_rooms, old_standard_altar, uniq_sigmund
D:4:      layout_rooms, grunt_ministairs_4, columned_hall_lemuel, uniq_ijyb
D:5:      layout_basic, uniq_crazy_yiuf_cottage
D:6:      layout_cave_pods, mainiacjoe_overflow_divided_tiny, temple_doors_cd,
          uniq_pikel
D:7:      layout_loops_cross
D:8:      layout_loops_ring, chequers_mini_garden, uniq_joseph, uniq_grum,
          uniq_maggie
D:9:      layout_roguey
D:10:     layout_basic, lair_entry_dummy, orc_0_dummy, uniq_urug
D:11:     layout_basic
D:12:     layout_cave_pools, serial_demonic, serial_demonic_b, serial_demonic_f,
          serial_demonic_g, serial_demonic_d, minivault_5, minivault_26,
          minmay_the_grid_square_5x5_3x3_mashed
          [minmay_the_grid_square_5x5_mess,
          minmay_the_grid_square_5x5_inverted_slash,
          minmay_the_grid_square_5x5_tie, minmay_the_grid_square_5x5_percent,
          minmay_the_grid_square_5x5_megaprize_open,
          minmay_the_grid_square_5x5_empty, minmay_the_grid_square_5x5_longway,
          minmay_the_grid_square_5x5_plus,
          minmay_the_grid_square_5x5_two_walls_a], uniq_jorgrun
D:13:     layout_basic, skrybe_vaults_entry_preservation, nicolae_danse_macabre,
          uniq_frances
D:14:     minmay_four_partial_circles, layout_loops_ring, minmay_hedge_maze,
          serial_shops, nicolae_shop_stone, nicolae_shop_behind_doors,
          nicolae_shop_crystal, nicolae_shop_behind_doors, hangedman_stone_soup,
          lightli_elemental_guards, uniq_lodul
D:15:     hangedman_depths_entry_civil_slaughter, layout_loops_ring
Lair:1:   layout_gridlike, basic_altar, uniq_amaemon
Lair:2:   layout_roguey, guppyfry_snake_entry_garden, serial_bayou_shore_b,
          grunt_megastairs_2
Lair:3:   layout_chaotic_city, elwin_shoals_entry_stream, gammafunk_ghost_icy,
          serial_bayou_pond_b, uniq_snorg, uniq_nergalle
Lair:4:   layout_long_grid, gauntlet_entry_generic, minmay_lindwurm_lava,
          grunt_megastairs_4
Lair:5:   hangedman_lair_caniforms_friends, layout_long_grid,
          hangedman_lair_in_review, slime_entry_1, uniq_kirke
Orc:1:    layout_diamond_mine, serial_shops, shop, minmay_orc_treasury
Orc:2:    pf_orc_diabolical, layout_diamond_mine, serial_shops,
          nicolae_shop_bloodbath_and_beyond, uniq_maurice
Elf:1:    nicolae_elf_arrival_no_cutting_in_line, layout_loops_corners,
          portal_desolation_entry_nicolae_slug,
          hangedman_elven_crosses_minicolossus
Desolation

Skill      XL: |  1  2  3  4  5  6  7  8  9 10 11 12 13 14 15 |
---------------+----------------------------------------------+-----
Conjurations   | 1 |  1.0
Spellcasting   | 3 4 5 6 7 8 10 11 12 14 15 | 15.3
Dodging        | 3 4 5 6 7 10 11 12 13 14 15 16 | 16.7
Fighting       | 1 2 4 6 7 8 9 10 12 | 12.9
Necromancy     | 1 2 4 6 7 8 10 11 12 13 16 | 16.0
Unarmed Combat | 2 4 5 8 9 |  9.8
Earth Magic    | 2 4 5 |  5.6
Summonings     | 3 |  3.6
Transmutations | 2 |  2.4
Stealth        | |  2.8
Air Magic      | |  2.7

Action                     |  1- 3 |  4- 6 |  7- 9 | 10-12 | 13-15 || total
---------------------------+-------+-------+-------+-------+-------++-------
  Melee: Unarmed           |    10 |    39 |   115 |   320 |   329 ||   813
         Bite              |     2 |     5 |    21 |    53 |    80 ||   161
         Punch             |       |     1 |     2 |    12 |    19 ||    34
   Cast: Shock             |    97 |   156 |   242 |    27 |     2 ||   524
         Static Discharge  |       |    22 |    62 |     1 |       ||    85
         Vampiric Draining |       |       |    79 |   273 |   196 ||   548
         Dispel Undead     |       |       |    10 |     6 |    14 ||    30
         Cigotuvi's Dreadf |       |       |     2 |       |       ||     2
         Borgnjor's Vile C |       |       |       |    53 |   509 ||   562
         Death Channel     |       |       |       |       |    48 ||    48
         Lee's Rapid Decon |       |       |       |       |     2 ||     2
 Invoke: Unearth Wretches  |       |       |       |     1 |     2 ||     3
         Receive Forbidden |       |       |       |       |     1 ||     1
  Evoke: Wand              |       |     3 |     1 |    22 |    14 ||    40
         Lightning rod     |       |       |       |    12 |     1 ||    13
         Phial of floods   |       |       |       |       |     4 ||     4
         Tin of tremorston |       |       |       |       |     1 ||     1
    Use: Potion            |     1 |     8 |     2 |    17 |    23 ||    51
         Scroll            |       |       |    12 |    11 |    10 ||    33
   Stab: Invisible         |       |     3 |     3 |     4 |       ||    10
         Sleeping          |       |       |     1 |     2 |       ||     3
         Distracted        |       |       |       |     1 |     1 ||     2
         Paralysed         |       |       |       |       |     1 ||     1
 Armour: Skin              |     3 |    40 |    47 |    77 |   124 ||   291
  Dodge: Dodged            |    15 |   131 |   344 |   809 |  1178 ||  2477

Table legend: (Time is in decaauts)
 A = Elapsed time spent in this place.
 B = Non-inter-level travel time spent in this place.
 C = Inter-level travel time spent in this place.
 D = Time resting spent in this place.
 E = Time spent auto-exploring this place.
 F = Levels seen in this place.
 G = Mean time per level.
                   A        B        C        D        E       F      G
               +--------+--------+--------+--------+--------+-----+--------+
         Total |  34166 |  32344 |   1822 |   8767 |  17203 |  25 | 1366.6 |
       Dungeon |  21235 |  19924 |   1311 |   4753 |  11831 |  15 | 1415.7 |
          Lair |   8624 |   8274 |    350 |   2721 |   4041 |   5 | 1724.8 |
  Orcish Mines |   2597 |   2438 |    159 |    607 |   1027 |   2 | 1298.5 |
   Elven Halls |     51 |     51 |      0 |      0 |      0 |   1 |   51.0 |
    Desolation |    784 |    784 |      0 |    215 |    122 |   1 |  784.0 |
      Gauntlet |    873 |    873 |      0 |    468 |    180 |   1 |  873.0 |
               +--------+--------+--------+--------+--------+-----+--------+

Top non-repeatable levels by time:
     D:5: 3392 daAuts
  Lair:2: 2409 daAuts
    D:10: 2305 daAuts
     D:8: 2254 daAuts
  Lair:1: 1901 daAuts
     D:9: 1734 daAuts
     D:6: 1613 daAuts
  Lair:3: 1609 daAuts
  Lair:5: 1481 daAuts
   Orc:2: 1476 daAuts
    D:12: 1457 daAuts
     D:7: 1380 daAuts
    D:11: 1238 daAuts
  Lair:4: 1222 daAuts
     D:4: 1137 daAuts
